 Dungeon Crawl Stone Soup version 0.19.4 (webtiles) character file.

133 empire the Gusty (level 4, -3/24 HPs)
             Began as a Deep Elf Air Elementalist on Feb 3, 2017.
             Killed by divine providence
             ... invoked by an orc priest
              (13 damage)
             ... on level 3 of the Dungeon.
             The game lasted 00:06:49 (2218 turns).

empire the Gusty (Deep Elf Air Elementalist)        Turns: 2218, Time: 00:06:51

Health: -3/24      AC:  4    Str:  5    XL:     4   Next: 94%
Magic:  9/10       EV: 13    Int: 21    God:
Gold:   99         SH:  0    Dex: 15    Spells: 1 memorised, 8 levels left

rFire  . . .     SeeInvis .     a - +2 dagger (elec)
rCold  . . .     Gourm    .     e - +0 robe
rNeg   . . .     Faith    .     (no shield)
rPois  .         Spirit   .     s - +1 helmet
rElec  .         Reflect  .     (no cloak)
rCorr  .         Harm     .     (no gloves)
MR     .....                    (no boots)
Stlth  ++........               (no amulet)
                                (no ring)
                                (no ring)

@: no status effects
A: no striking features
a: no special abilities


You were on level 3 of the Dungeon.
You were not hungry.

You visited 1 branch of the dungeon, and saw 3 of its levels.

You collected 99 gold pieces.

Inventory:

Hand Weapons
 a - a +2 dagger of electrocution (weapon)
 k - a +0 dagger of electrocution
 z - a +2 mace of crushing
 A - a +2 dagger of electrocution
Armour
 e - a +0 robe (worn)
 h - a cursed +0 plate armour
 s - a +1 helmet (worn)
Wands
 y - a wand of digging (10/24)
Scrolls
 d - 5 scrolls of remove curse {unknown}
 f - 2 scrolls of fear {unknown}
 i - a scroll of immolation {unknown}
 j - a scroll of fog {unknown}
 l - a scroll of amnesia {unknown}
 o - 2 scrolls of identify {unknown}
 q - a scroll of recharging {unknown}
 w - a scroll of random uselessness {unknown}
 B - a scroll of teleportation {unknown}
Potions
 g - 4 potions of lignification {unknown}
 m - a potion of agility {unknown}
 t - a potion of heal wounds {unknown}
 v - a potion of curing {unknown}
 x - a potion of flight {unknown}
Books
 b - a book of Air

   Spells                             Type                      Level
   a - Shock                          Conjuration/Air              1
   b - Swiftness                      Charms/Air                   2
   c - Repel Missiles                 Charms/Air                   2
   d - Static Discharge               Conjuration/Air              3
   e - Lightning Bolt                 Conjuration/Air              5
Comestibles
 c - 3 bread rations
 n - 5 fruits
 p - a slice of pizza
 r - 2 meat rations
 u - 8 chunks of flesh


   Skills:
 - Level 2.4 Dodging
 - Level 2.4 Stealth
 - Level 3.0 Spellcasting
 + Level 4.1 Conjurations
 + Level 4.2 Air Magic


You had 8 spell levels left.
You knew the following spells:

 Your Spells              Type           Power        Failure   Level  Hunger
a - Shock                 Conj/Air       ###.         2%          1    None


Dungeon Overview and Level Annotations

Branches:
Dungeon (3/15)

Altars:


Message History

You see here a bat corpse.
You butcher the bat corpse.
You see here a chunk of flesh.
Casting: Shock
Confirm with . or Enter, or press ? or * to list all spells.
Aiming: Shock
Press: ? - help, Shift-Dir - straight line, f - ball python
Aim: a ball python (resting)
The zap hits the ball python.
You kill the ball python!
u - 8 chunks of flesh (gained 1)
An orc comes into view. It is wielding a club.
An orc priest comes into view. It is wielding a trident of venom.
You see here a scroll labeled YSEMIB NUMIE.
d - 5 scrolls labeled YSEMIB NUMIE (gained 1)
The orc shouts!
The orc priest shouts!
The orc priest calls down the wrath of Beogh upon you.
Beogh smites you!
Ouch! That really hurt!
You die...

##################
.................#####
.......##............#
.....#.#.###.###.###.#
#..........[).# #.#
#.#..##....[..# #.#
#.#..##.#..##.# #.#
###<#.......#.###.# #.#
........@##....#...###.#
#..#.....##..#.#..)..#.#
........?....#.......#.#
#..#.....#...#.........#
#oo......#.# ##......###
#.#.##.### # ##.....# #.
#. ##.#.### # #.
..##....# .<.....<#


You could see an orc priest and an orc.

Vanquished Creatures
  Terence (D:2)
  Robin (D:1)
  An adder (D:2)
  A worm (D:2)
  3 dart slugs (D:1)
  4 leopard geckos
  4 orcs (D:3)
  5 bats
  3 giant cockroaches (D:1)
  10 goblins
  9 hobgoblins
  6 jackals (D:1)
  7 kobolds
  3 ball pythons
  3 frilled lizards
  5 rats
66 creatures vanquished.

Notes
Turn   | Place    | Note
-------+----------+-------------------------------------------
     0 | D:1      | empire the Deep Elf Air Elementalist began the quest for the Orb.
     0 | D:1      | Reached XP level 1. HP: 10/10 MP: 6/6
   145 | D:1      | Reached XP level 2. HP: 11/15 MP: 8/8
   530 | D:1      | Reached XP level 3. HP: 19/19 MP: 0/9
  1184 | D:2      | Noticed Robin
  1239 | D:1      | Killed Robin
  1239 | D:1      | Reached XP level 4. HP: 18/24 MP: 1/10
  1525 | D:2      | Noticed Terence
  1533 | D:2      | Killed Terence
  2218 | D:3      | Killed from afar by an orc priest

Skill      XL: |  1  2  3  4 |
---------------+-------------+-----
Conjurations   | 2 3 4 |  4.1
Air Magic      | 4 |  4.2
Dodging        | |  2.4
Stealth        | |  2.4
Spellcasting   | |  3.0

Action                   |  1- 3 |  4- 6 || total
-------------------------+-------+-------++-------
Melee: Dagger            |    48 |    45 ||    93
 Cast: Shock             |    37 |    13 ||    50
 Stab: Sleeping          |     3 |     1 ||     4
  Eat: Chunk             |     1 |     3 ||     4
Armor: Robe              |     6 |    11 ||    17
Dodge: Dodged            |    39 |    27 ||    66
